Map: 프록시마 정거장 - 래더

Players

Solar

  • Race: Zerg Zerg
  • Spawn Location: 1:00

Ryung - Winner!

  • Race: Terran Terran
  • Spawn Location: 7:00

Event: IEM XI Katowice - World Championship 2017

VOD

Have the link to the VOD?

Description

Time

  • Played on: March 2, 2017, 6:59 a.m.
  • Length: 11:39

All games in this series

Show
View Real Time Build Order
Export as new Build Order

Solar Zerg 

Build Orders: Pool First 

Get SALT Encoding   

  12  0:00  Drone  
  13  0:12  Overlord  
  13  0:17  Drone  
  14  0:30  Drone x2  
  14  0:34  Drone  
  17  0:44  Extractor, Drone  
  17  0:50  Spawning Pool  
  17  0:55  Drone  
  17  1:07  Drone  
  18  1:21  Hatchery  
  18  1:24  Drone  
  18  1:30  Drone  
  19  1:39  Queen  
  19  1:42  Zergling x2  
  22  1:54  Roach Warren  
  21  1:55  Zergling x2  
  22  2:03  Overlord  
  22  2:11  Extractor, Drone  
  22  2:25  Overlord  
  22  2:33  Queen  
  22  2:34  Roach  
  26  2:39  Drone  
  26  2:43  Roach  
  29  2:55  Roach, Ravager  
  32  3:00  Drone  
  32  3:04  Ravager  
  32  3:05  Roach  
  36  3:13  Overlord  
  36  3:16  Ravager  
  36  3:19  Roach  
  39  3:25  Roach  
  41  3:31  Ravager  
  42  3:35  Roach  
  42  3:40  Roach  
  46  3:49  Drone x3  
  49  4:08  Hatchery  
  48  4:12  Drone  
  48  4:16  Drone  
  50  4:23  Drone x2  
  52  4:28  Overlord  
  52  4:47  Drone  
  52  4:49  Hatchery  
  53  4:52  Drone  
  53  4:58  Lair  
  53  5:01  Drone  
  53  5:04  Drone  
  55  5:13  Drone  
  55  5:14  Drone  
  57  5:16  Overlord  
  57  5:23  Drone x2  
  57  5:28  Overlord  
  59  5:34  Overlord  
  59  5:41  Drone x2  
  61  5:45  Queen  
  61  5:49  Drone  
  64  5:50  Drone  
  64  5:54  Drone x2  
  67  5:57  Overseer  
  67  5:59  Glial Reconstitution  
  67  6:02  Drone  
  68  6:05  Drone  
  68  6:06  Drone  
  68  6:07  Drone  
  73  6:11  Drone x2  
  73  6:15  Drone  
  74  6:19  Drone  
  74  6:25  Infestation Pit, Drone  
  71  6:30  Drone x2  
  71  6:31  Drone x2  
  75  6:37  Overlord  
  75  6:39  Spore Crawler  
  74  6:43  Queen  
  74  6:47  Drone x2  
  78  6:48  Drone  
  78  6:50  Drone  
  78  6:52  Drone  
  78  6:54  Drone  
  81  6:58  Extractor  
  81  6:59  Evolution Chamber  
  79  7:01  Drone  
  79  7:02  Extractor, Evolution Chamber  
  79  7:04  Drone x2  
  79  7:07  Drone  
  81  7:09  Overlord  
  81  7:14  Overlord  
  81  7:15  Infestor x2  
  83  7:17  Infestor  
  83  7:19  Drone  
  83  7:22  Drone x2  
  90  7:23  Drone  
  90  7:25  Drone  
  90  7:26  Drone  
  90  7:29  Burrow  
  93  7:33  Drone x3  
  96  7:37  Zerg Missile Weapons Level 1  
  96  7:40  Overlord x2  
  96  7:46  Extractor  
  96  7:47  Drone x3  
  96  7:48  Drone  
  99  7:53  Overlord x2, Extractor  
  98  8:00  Roach x3  
  98  8:02  Drone  
  98  8:03  Roach  
  98  8:04  Roach  
  110  8:05  Ravager  
  110  8:06  Roach  
  110  8:12  Roach x3  
  118  8:17  Overlord  
  118  8:18  Roach x2  
  122  8:22  Roach  
  124  8:27  Zerg Ground Armor Level 1  
  124  8:29  Overseer, Ravager x2  
  124  8:31  Roach x2  
  130  8:37  Spore Crawler  
  129  8:42  Overlord  
  129  8:46  Overlord  
  129  8:48  Hatchery  
  129  8:51  Roach x3  
  129  8:52  Roach  
  135  8:55  Overlord  
  135  8:58  Roach  
  135  9:00  Overlord  
  135  9:03  Roach x2  
  133  9:13  Roach x3  
  131  9:18  Roach x2  
  137  9:24  Roach x3  
  137  9:30  Roach x3  
  141  9:33  Ravager x2  
  141  9:36  Drone x4  
  141  9:38  Drone  
  148  9:42  Overlord  
  148  9:44  Overlord  
  143  9:46  Roach x9  
  143  9:47  Queen, Roach x9  
  143  9:50  Ravager  
  143  9:51  Queen  
  128  9:54  Drone x3  
  129  10:07  Roach  
  129  10:08  Roach x3  
  129  10:11  Roach x2  
  129  10:13  Ravager x4  
  145  10:18  Drone x2  
  145  10:19  Infestation Pit, Drone  
  145  10:21  Drone  
  148  10:27  Roach  
  148  10:28  Roach x2  
  154  10:30  Overlord  
  154  10:33  Roach x2  
  158  10:36  Overlord  
  158  10:38  Roach  
  158  10:42  Roach x4  
  162  10:43  Roach  
  162  10:48  Drone  
  162  10:49  Extractor, Drone x2  
  160  10:56  Drone  
  155  10:59  Drone x4  
  155  11:00  Extractor  
  155  11:02  Infestor  
  160  11:04  Drone x3  
  160  11:05  Extractor  
  160  11:09  Drone x4  
  163  11:18  Zergling x16  
Show
View Real Time Build Order
Export as new Build Order

Ryung Terran - Winner!

Build Orders: Reaper Expand, Bio Tank 

Get SALT Encoding   

  12  0:00  SCV  
  13  0:12  SCV  
  14  0:17  Supply Depot  
  14  0:25  SCV  
  15  0:29  Refinery  
  15  0:39  SCV  
  16  0:44  Barracks  
  16  0:51  SCV  
  17  1:03  SCV  
  18  1:15  SCV  
  19  1:30  Orbital Command  
  19  1:31  Reaper  
  20  1:43  Command Center  
  20  1:55  Factory  
  20  1:57  SCV  
  21  2:06  Barracks Reactor  
  21  2:09  SCV  
  21  2:14  Supply Depot  
  21  2:15  Refinery  
  22  2:21  SCV  
  23  2:29  Bunker  
  23  2:36  SCV  
  24  2:42  Marine x2  
  26  2:46  Factory Tech Lab  
  26  2:52  SCV  
  26  2:55  Orbital Command  
  27  3:00  Marine x2  
  27  3:05  Siege Tank  
  32  3:09  Bunker  
  32  3:13  SCV  
  32  3:19  Marine  
  33  3:20  Marine  
  33  3:26  SCV  
  36  3:34  Supply Depot  
  36  3:38  Siege Tank  
  38  3:42  Marine  
  38  3:55  Marine, SCV  
  40  3:58  Supply Depot  
  40  4:00  SCV  
  41  4:07  SCV  
  42  4:11  Starport  
  42  4:19  SCV x2  
  44  4:31  Liberator  
  43  4:32  SCV x2  
  43  4:35  Marine x2  
  50  4:49  SCV  
  54  4:55  SCV  
  54  4:59  Supply Depot  
  53  5:07  SCV, Command Center  
  53  5:08  SCV  
  53  5:19  SCV  
  53  5:20  SCV  
  55  5:30  Barracks  
  55  5:31  SCV  
  55  5:33  SCV  
  55  5:35  Medivac  
  59  5:38  Barracks Reactor  
  59  5:42  Barracks  
  59  5:45  SCV x2  
  61  5:51  Factory Reactor  
  61  5:53  Engineering Bay  
  61  5:54  Supply Depot, Engineering Bay  
  61  6:08  SCV x2  
  62  6:16  Marine x2  
  59  6:25  SCV  
  59  6:26  SCV  
  59  6:28  Terran Infantry Armor Level 1, Terran Infantry Weapons Level 1  
  59  6:30  Orbital Command  
  59  6:31  Starport Reactor  
  59  6:32  Refinery  
  61  6:33  Refinery  
  61  6:38  Marine x3, SCV x2  
  61  6:39  Marine, Barracks x2  
  67  6:42  Factory Tech Lab  
  67  6:43  Stimpack  
  67  6:47  Supply Depot  
  67  6:50  SCV x2  
  69  6:57  Marine x4  
  69  7:00  Marine  
  74  7:02  Siege Tank  
  74  7:03  Orbital Command  
  74  7:05  Armory  
  74  7:06  Supply Depot  
  77  7:10  Medivac x2  
  81  7:24  Marine x5  
  86  7:31  SCV x3  
  89  7:38  Barracks Tech Lab  
  89  7:46  Marine x5  
  89  7:47  Marine x2  
  89  7:50  SCV x3  
  99  7:52  Supply Depot x2  
  98  8:03  Marine x2  
  98  8:04  Marine  
  101  8:09  Combat Shields  
  101  8:13  Marine x2  
  101  8:18  Marine x3  
  101  8:19  Medivac x2  
  110  8:21  Marine, SCV x3  
  110  8:22  Supply Depot  
  110  8:23  Supply Depot  
  110  8:24  Supply Depot  
  110  8:25  Refinery x2  
  114  8:29  Marine x2  
  114  8:31  Terran Infantry Weapons Level 2, Terran Infantry Armor Level 2  
  116  8:37  SCV  
  116  8:38  Supply Depot  
  117  8:44  Siege Tank, SCV x2  
  117  8:46  Terran Vehicle Weapons Level 1  
  122  8:49  SCV  
  123  8:56  SCV  
  124  9:03  Marine x6  
  130  9:11  SCV x3  
  130  9:13  Factory  
  130  9:16  Siege Tank  
  129  9:19  Medivac  
  129  9:20  Marine x2, Medivac  
  129  9:21  Marine x2  
  134  9:37  Marine x4  
  138  9:38  Marine x2  
  138  9:40  Marine x2  
  141  9:48  Siege Tank  
  141  9:49  SCV x3  
  144  9:54  Marine x2  
  144  9:55  Marine x2  
  144  9:56  Marine  
  144  9:57  Marauder  
  144  9:58  Factory Tech Lab  
  149  10:00  Supply Depot  
  149  10:01  Marine  
  145  10:11  Missile Turret  
  145  10:18  Command Center  
  145  10:19  Supply Depot  
  145  10:24  Marine x6, Marauder x2  
  145  10:27  Supply Depot  
  155  10:28  Supply Depot  
  155  10:29  Supply Depot  
  152  10:46  Siege Tank x2  
  152  10:48  Marine x6  
  164  10:54  Marine, Marauder  
  167  11:06  Marine x5  
  167  11:09  Barracks  
  167  11:10  Barracks  
  170  11:15  Barracks  

Tags
 
Add a new tag
Caveats
  • Supply blocks, unpowered buildings, or Contaminate may cause inaccurate times.
  • Supply counts are checked every 10 seconds.